General information
- name: BNet
- type: Ladder team game (AT/RT)
- host: Battle.net
- saver: TexasRanger
map: Mur'gulOasis
- players: 8
- length: 41:07
- speed: Fast
- version: 1.28 W3XP
- replay type: Public
» download(273 KB)
Players
team 1 (loser)
Your_Groom (
orange | 63 APM | 1692 actions | 26:52)
5 Mountain King
3 Storm Bolt
2 Bash
» actions
| Assign group hotkey | 29 | |
| Basic commands | 5 | |
| Build / train | 121 | |
| Enter build submenu | 19 | |
| Enter hero's abilities submenu | 6 | |
| Right click | 802 | |
| Select / deselect | 353 | |
| Select group hotkey | 286 | |
| Use ability | 71 | |
1692 total
» units
| Peasant | 15 | |
| Rifleman | 24 | |
| Dragonhawk Rider | 5 | |
| Gryphon Rider | 8 | |
52 total
» upgrades
| Gunpowder | 2 | |
| Armor | 3 | |
| Swords | 3 | |
| Lumber Harvesting | 1 | |
| Storm Hammers | 1 | |
| Cloud | 1 | |
| Animal War Training | 1 | |
| Masonry | 1 | |
| Long Rifles | 1 | |
14 total
» buildings
| Barracks | 2 | |
| Altar of Kings | 1 | |
| Blacksmith | 1 | |
| Farm | 9 | |
| Scout Tower | 1 | |
| Arcane Tower | 6 | |
| Arcane Vault | 1 | |
| Keep | 2 | |
| Lumber Mill | 1 | |
| Castle | 4 | |
| Gryphon Aviary | 2 | |
30 total
» build order
00:10 Barracks
00:15 Altar of Kings
00:42 Blacksmith
01:11 Farm
01:46 Farm
02:09 Farm
02:15 Farm
02:45 Farm
03:10 Scout Tower
03:41 Farm
03:55 Arcane Tower
03:55 Arcane Tower
03:55 Arcane Tower
03:55 Arcane Tower
04:26 Farm
05:13 Farm
06:54 Arcane Vault
06:56 Farm
07:54 Barracks
09:25 Keep
09:26 Keep
11:08 Lumber Mill
12:41 Castle
12:41 Castle
12:41 Castle
12:45 Gryphon Aviary
12:48 Gryphon Aviary
» items
| Scroll of Regeneration | 3 | |
| Lesser Clarity Potion | 2 | |
| Scroll of Town Portal | 1 | |
| Orb of Fire | 1 | |
7 total
HERESBOBBY (
pink | 60 APM | 2434 actions | 40:53)
8 Archmage
3 Summon Water Elemental
3 Brilliance Aura
1 Mass Teleport
1 Blizzard
» actions
| Assign group hotkey | 62 | |
| Basic commands | 151 | |
| Build / train | 112 | |
| Enter build submenu | 55 | |
| Enter hero's abilities submenu | 8 | |
| Give item / drop item | 8 | |
| Remove unit from queue | 2 | |
| Right click | 856 | |
| Select / deselect | 513 | |
| Select group hotkey | 476 | |
| Use ability | 191 | |
2434 total
» units
| Peasant | 17 | |
| Footman | 4 | |
| Gryphon Rider | 10 | |
| Priest | 1 | |
| Dragonhawk Rider | 6 | |
38 total
» upgrades
| Lumber Harvesting | 2 | |
| Masonry | 3 | |
| Swords | 3 | |
| Armor | 3 | |
| Animal War Training | 1 | |
| Storm Hammers | 1 | |
| Cloud | 1 | |
| Priest Training | 2 | |
| Magic Sentry | 1 | |
17 total
» buildings
| Altar of Kings | 1 | |
| Barracks | 1 | |
| Farm | 9 | |
| Scout Tower | 41 | |
| Arcane Tower | 1 | |
| Keep | 1 | |
| Arcane Vault | 3 | |
| Lumber Mill | 2 | |
| Castle | 1 | |
| Guard Tower | 21 | |
| Gryphon Aviary | 4 | |
| Blacksmith | 2 | |
| Town Hall | 4 | |
| Arcane Sanctum | 1 | |
92 total
» build order
00:58 Altar of Kings
00:59 Barracks
01:01 Farm
01:03 Farm
01:07 Farm
01:11 Farm
01:13 Farm
01:45 Farm
01:59 Scout Tower
02:46 Arcane Tower
03:30 Keep
03:40 Arcane Vault
04:03 Lumber Mill
06:17 Castle
06:45 Scout Tower
06:46 Scout Tower
06:47 Scout Tower
06:48 Scout Tower
06:49 Scout Tower
06:50 Scout Tower
06:51 Scout Tower
06:53 Scout Tower
06:54 Scout Tower
07:22 Guard Tower
07:23 Guard Tower
07:24 Guard Tower
07:25 Guard Tower
08:43 Gryphon Aviary
08:43 Gryphon Aviary
08:44 Gryphon Aviary
08:45 Gryphon Aviary
09:31 Blacksmith
09:33 Blacksmith
09:36 Lumber Mill
12:56 Farm
12:57 Farm
13:00 Farm
15:56 Town Hall
16:00 Scout Tower
16:01 Scout Tower
16:01 Scout Tower
16:01 Scout Tower
16:02 Scout Tower
16:03 Scout Tower
16:03 Scout Tower
16:03 Scout Tower
16:05 Scout Tower
16:05 Scout Tower
16:06 Scout Tower
16:07 Scout Tower
16:07 Scout Tower
16:12 Arcane Vault
16:31 Guard Tower
17:02 Guard Tower
17:18 Guard Tower
17:33 Guard Tower
17:35 Guard Tower
18:10 Guard Tower
18:49 Arcane Sanctum
25:57 Town Hall
25:59 Scout Tower
26:00 Scout Tower
26:00 Scout Tower
26:00 Scout Tower
26:02 Scout Tower
26:03 Scout Tower
26:03 Scout Tower
26:04 Scout Tower
26:04 Scout Tower
26:04 Scout Tower
26:05 Scout Tower
26:06 Scout Tower
26:13 Arcane Vault
26:29 Guard Tower
26:30 Guard Tower
26:50 Town Hall
26:52 Scout Tower
26:52 Scout Tower
26:53 Scout Tower
26:53 Scout Tower
26:54 Scout Tower
26:54 Scout Tower
27:02 Guard Tower
27:41 Guard Tower
28:00 Guard Tower
28:29 Guard Tower
28:30 Guard Tower
28:31 Guard Tower
28:32 Guard Tower
28:35 Guard Tower
28:39 Guard Tower
35:09 Town Hall
» items
| Scroll of Regeneration | 7 | |
| Mechanical Critter | 8 | |
| Staff of Teleportation | 1 | |
| Scroll of Town Portal | 4 | |
| Staff of Sanctuary | 1 | |
| Lesser Clarity Potion | 1 | |
22 total
gila17 (
yellow | 29 APM | 1101 actions | 38:32)
5 Blademaster
3 Critical Strike
2 Wind Walk
» actions
| Assign group hotkey | 30 | |
| Basic commands | 357 | |
| Build / train | 75 | |
| Enter build submenu | 18 | |
| Enter hero's abilities submenu | 5 | |
| Right click | 67 | |
| Select / deselect | 277 | |
| Select group hotkey | 165 | |
| Use ability | 107 | |
1101 total
» units
| Peon | 6 | |
| Grunt | 13 | |
| Troll Witch Doctor | 9 | |
| Shaman | 12 | |
| Raider | 10 | |
50 total
» upgrades
| Melee Weapons | 3 | |
| Armor | 1 | |
| Pillage | 1 | |
| Berserker Strength | 1 | |
| Troll Regeneration | 1 | |
| Witch Doctor Training | 2 | |
| Shaman Training | 2 | |
| Ensnare | 1 | |
| Reinforced Defenses | 1 | |
13 total
» buildings
| Altar of Storms | 1 | |
| Orc Burrow | 7 | |
| Barracks | 1 | |
| War Mill | 1 | |
| Stronghold | 1 | |
| Voodoo Lounge | 1 | |
| Spirit Lodge | 2 | |
| Fortress | 1 | |
| Beastiary | 2 | |
| Watch Tower | 3 | |
20 total
» build order
00:10 Altar of Storms
00:24 Orc Burrow
01:07 Barracks
01:25 War Mill
01:44 Orc Burrow
02:44 Orc Burrow
06:45 Stronghold
06:57 Orc Burrow
08:33 Voodoo Lounge
09:12 Spirit Lodge
09:18 Spirit Lodge
09:20 Fortress
13:13 Beastiary
15:02 Watch Tower
15:08 Watch Tower
18:27 Orc Burrow
19:19 Orc Burrow
19:27 Beastiary
20:30 Orc Burrow
21:43 Watch Tower
» items
| Orb of Lightning | 1 | |
| Scroll of Town Portal | 2 | |
| Potion of Healing | 1 | |
4 total
Dinan5 (
green | 26 APM | 1048 actions | 40:29)
5 Paladin
3 Divine Shield
2 Devotion Aura
» actions
| Basic commands | 19 | |
| Build / train | 72 | |
| Enter build submenu | 13 | |
| Enter hero's abilities submenu | 5 | |
| Remove unit from queue | 2 | |
| Right click | 667 | |
| Select / deselect | 236 | |
| Use ability | 34 | |
1048 total
» units
| Peasant | 11 | |
| Footman | 13 | |
| Giant Sea Turtle | 1 | |
| Mur'gul Snarecaster | 1 | |
| Knight | 24 | |
50 total
» upgrades
| Masonry | 3 | |
| Animal War Training | 1 | |
| Swords | 3 | |
| Lumber Harvesting | 1 | |
| Plating | 3 | |
11 total
» buildings
| Barracks | 2 | |
| Altar of Kings | 1 | |
| Farm | 16 | |
| Lumber Mill | 1 | |
| Arcane Vault | 1 | |
| Keep | 1 | |
| Blacksmith | 1 | |
| Castle | 1 | |
| Town Hall | 1 | |
25 total
» build order
00:20 Barracks
00:27 Altar of Kings
00:34 Farm
01:29 Farm
01:31 Farm
02:19 Farm
03:10 Lumber Mill
03:19 Arcane Vault
03:29 Farm
03:30 Farm
03:32 Farm
03:34 Farm
03:35 Farm
03:37 Farm
05:16 Keep
05:28 Blacksmith
05:32 Barracks
07:53 Castle
11:30 Farm
11:32 Farm
12:51 Farm
12:53 Farm
12:54 Farm
12:56 Farm
23:10 Town Hall
» items
| Boots of Speed | 1 | |
| Periapt of Vitality | 1 | |
2 total
team 2 (winner)
Nahsir (
blue | 58 APM | 1921 actions | 33:02)
8 Demon Hunter
3 Mana Burn
3 Evasion
1 Metamorphosis
1 Immolation
» actions
| Assign group hotkey | 23 | |
| Basic commands | 2 | |
| Build / train | 69 | |
| ESC pressed | 5 | |
| Enter build submenu | 18 | |
| Enter hero's abilities submenu | 8 | |
| Give item / drop item | 3 | |
| Right click | 959 | |
| Select / deselect | 238 | |
| Select group hotkey | 495 | |
| Use ability | 100 | |
1921 total
» units
| Wisp | 18 | |
| Archer | 7 | |
| Druid of the Talon | 6 | |
| Hippogryph | 3 | |
34 total
» upgrades
| Strength of the Moon | 2 | |
| Improved Bows | 1 | |
| Druid of the Talon Training | 2 | |
| Strength of the Wild | 3 | |
| Marksmanship | 1 | |
| Reinforced Hides | 1 | |
| Mark of the Talon | 1 | |
| Hippogryph Taming | 1 | |
| Ultravision | 1 | |
13 total
» buildings
| Altar of Elders | 1 | |
| Moon Well | 6 | |
| Ancient of War | 1 | |
| Hunter's Hall | 1 | |
| Ancient Protector | 4 | |
| Tree of Ages | 1 | |
| Ancient of Wind | 2 | |
| Tree of Eternity | 1 | |
| Ancient of Wonders | 1 | |
18 total
» build order
00:19 Altar of Elders
00:23 Moon Well
01:05 Ancient of War
01:19 Moon Well
01:57 Moon Well
02:26 Hunter's Hall
03:31 Ancient Protector
04:17 Tree of Ages
05:05 Ancient Protector
05:10 Ancient Protector
05:13 Moon Well
07:20 Ancient of Wind
07:21 Ancient of Wind
08:03 Tree of Eternity
09:38 Moon Well
13:04 Moon Well
14:26 Ancient Protector
16:37 Ancient of Wonders
» items
| Scroll of Regeneration | 2 | |
| Boots of Speed | 3 | |
| Scroll of Town Portal | 3 | |
| Orb of Fire | 1 | |
| Orb of Lightning | 2 | |
11 total
TexasRanger (
teal | 128 APM | 5280 actions | 41:07)
8 Archmage
3 Summon Water Elemental
3 Brilliance Aura
1 Mass Teleport
1 Blizzard
7 Mountain King
3 Storm Bolt
2 Bash
2 Avatar
» actions
| Assign group hotkey | 161 | |
| Basic commands | 333 | |
| Build / train | 163 | |
| ESC pressed | 4 | |
| Enter build submenu | 45 | |
| Enter hero's abilities submenu | 15 | |
| Give item / drop item | 4 | |
| Right click | 1596 | |
| Select / deselect | 718 | |
| Select group hotkey | 1875 | |
| Use ability | 366 | |
5280 total
» units
| Peasant | 11 | |
| Footman | 9 | |
| Rifleman | 12 | |
| Priest | 5 | |
| Spell Breaker | 5 | |
| Siege Engine | 3 | |
| Sorceress | 3 | |
| Knight | 3 | |
| Mortar Team | 2 | |
53 total
» upgrades
| Masonry | 3 | |
| Gunpowder | 3 | |
| Long Rifles | 1 | |
| Armor | 3 | |
| Priest Training | 2 | |
| Swords | 4 | |
| Plating | 3 | |
| Lumber Harvesting | 2 | |
| Animal War Training | 2 | |
| Sorceress Training | 2 | |
| Control Magic | 1 | |
| Barrage | 2 | |
| Magic Sentry | 1 | |
| Fragmentation Shards | 1 | |
| Flare | 1 | |
| Flak Cannons | 1 | |
| Flying Machine Bombs | 1 | |
33 total
» buildings
| Altar of Kings | 1 | |
| Barracks | 2 | |
| Farm | 13 | |
| Lumber Mill | 2 | |
| Blacksmith | 1 | |
| Keep | 4 | |
| Scout Tower | 16 | |
| Arcane Vault | 2 | |
| Guard Tower | 17 | |
| Arcane Sanctum | 2 | |
| Castle | 3 | |
| Town Hall | 1 | |
| Workshop | 2 | |
66 total
» build order
00:52 Altar of Kings
00:54 Barracks
01:05 Farm
01:07 Farm
01:20 Farm
01:31 Farm
02:10 Lumber Mill
02:28 Lumber Mill
03:14 Blacksmith
03:51 Keep
03:51 Keep
03:51 Keep
04:24 Scout Tower
04:26 Scout Tower
04:59 Arcane Vault
05:02 Guard Tower
06:01 Farm
07:27 Arcane Sanctum
08:13 Farm
10:49 Castle
10:49 Castle
11:36 Town Hall
11:38 Scout Tower
11:38 Scout Tower
11:39 Scout Tower
11:40 Scout Tower
11:42 Scout Tower
11:42 Scout Tower
11:50 Scout Tower
11:51 Scout Tower
12:06 Farm
13:11 Guard Tower
13:11 Guard Tower
13:12 Guard Tower
14:18 Arcane Sanctum
14:20 Barracks
14:26 Workshop
14:28 Workshop
14:56 Arcane Vault
15:00 Scout Tower
16:43 Guard Tower
16:43 Guard Tower
16:43 Guard Tower
21:31 Scout Tower
21:38 Farm
22:39 Guard Tower
22:40 Guard Tower
22:40 Guard Tower
22:47 Farm
22:58 Farm
24:22 Farm
24:27 Scout Tower
24:28 Scout Tower
24:30 Scout Tower
24:31 Scout Tower
26:35 Guard Tower
26:35 Guard Tower
37:03 Farm
37:04 Farm
» items
| Periapt of Vitality | 2 | |
| Scroll of Regeneration | 4 | |
| Mechanical Critter | 2 | |
| Boots of Speed | 2 | |
| Staff of Teleportation | 2 | |
| Circlet of Nobility | 1 | |
| Staff of Sanctuary | 1 | |
| Orb of Fire | 1 | |
| Orb of Lightning | 2 | |
17 total
GERALT_OF_RIVIA (
red | 69 APM | 2810 actions | 40:53)
8 Blademaster
3 Wind Walk
3 Critical Strike
1 Bladestorm
1 Mirror Image
» actions
| Assign group hotkey | 32 | |
| Basic commands | 75 | |
| Build / train | 88 | |
| Enter build submenu | 33 | |
| Enter hero's abilities submenu | 9 | |
| Remove unit from queue | 1 | |
| Right click | 1193 | |
| Select / deselect | 252 | |
| Select group hotkey | 841 | |
| Use ability | 286 | |
2810 total
» units
| Peon | 19 | |
| Wind Rider | 8 | |
| Troll Batrider | 8 | |
35 total
» upgrades
| Ranged Weapons | 2 | |
| Reinforced Defenses | 1 | |
| Armor | 2 | |
| Envenomed Spears | 1 | |
| Liquid Fire | 1 | |
7 total
» buildings
| Altar of Storms | 1 | |
| Orc Burrow | 6 | |
| War Mill | 2 | |
| Voodoo Lounge | 2 | |
| Watch Tower | 33 | |
| Stronghold | 5 | |
| Beastiary | 4 | |
| Fortress | 2 | |
55 total
» build order
00:06 Altar of Storms
00:19 Orc Burrow
00:38 War Mill
01:13 Voodoo Lounge
01:50 Watch Tower
02:08 Watch Tower
02:34 Watch Tower
02:53 Watch Tower
03:10 Watch Tower
03:14 Orc Burrow
03:44 Watch Tower
04:09 Watch Tower
04:24 Watch Tower
05:44 Stronghold
05:44 Stronghold
05:44 Stronghold
05:44 Stronghold
06:53 Orc Burrow
06:54 Orc Burrow
07:09 Watch Tower
07:09 Watch Tower
07:11 Watch Tower
08:08 Beastiary
08:11 Beastiary
08:20 Fortress
08:21 Fortress
13:32 Watch Tower
13:33 Watch Tower
13:34 Watch Tower
13:34 Watch Tower
13:35 Watch Tower
13:36 Watch Tower
14:44 Watch Tower
14:46 Watch Tower
15:02 Watch Tower
15:02 Watch Tower
16:04 Voodoo Lounge
17:18 Beastiary
17:53 Orc Burrow
19:16 Watch Tower
19:16 Watch Tower
19:18 Watch Tower
19:37 Watch Tower
19:42 Watch Tower
21:51 Watch Tower
21:52 Watch Tower
22:34 War Mill
23:04 Watch Tower
23:05 Watch Tower
23:05 Watch Tower
23:07 Watch Tower
23:07 Watch Tower
24:44 Orc Burrow
29:13 Beastiary
» items
| Healing Salve | 4 | |
| Lesser Clarity Potion | 8 | |
| Staff of Teleportation | 1 | |
| Dust of Appearance | 1 | |
| Orb of Lightning | 1 | |
| Tiny Great Hall | 1 | |
| Scroll of Town Portal | 2 | |
| Potion of Mana | 1 | |
| Potion of Healing | 1 | |
| Orb of Fire | 1 | |
21 total
Mr.Hollywood (
purple | 19 APM | 727 actions | 39:01)
5 Mountain King
3 Storm Bolt
2 Bash
» actions
| Basic commands | 35 | |
| Build / train | 85 | |
| Enter build submenu | 35 | |
| Enter hero's abilities submenu | 5 | |
| Remove unit from queue | 5 | |
| Right click | 227 | |
| Select / deselect | 276 | |
| Use ability | 59 | |
727 total
» units
| Peasant | 34 | |
| Footman | 27 | |
| Knight | 4 | |
| Rifleman | 5 | |
70 total
» upgrades
| Plating | 2 | |
| Swords | 2 | |
| Animal War Training | 1 | |
5 total
» buildings
| Altar of Kings | 3 | |
| Farm | 16 | |
| Barracks | 4 | |
| Blacksmith | 2 | |
| Lumber Mill | 2 | |
| Scout Tower | 2 | |
| Guard Tower | 2 | |
| Keep | 1 | |
| Arcane Vault | 1 | |
| Castle | 1 | |
34 total
» build order
03:03 Altar of Kings
03:20 Farm
03:32 Barracks
03:57 Farm
04:52 Barracks
05:50 Blacksmith
07:31 Altar of Kings
07:43 Barracks
08:00 Farm
08:05 Farm
08:28 Lumber Mill
08:41 Farm
08:51 Farm
09:04 Farm
09:16 Farm
09:36 Blacksmith
09:48 Farm
10:06 Scout Tower
10:42 Farm
10:53 Guard Tower
10:59 Farm
12:18 Scout Tower
13:29 Farm
13:32 Keep
13:41 Arcane Vault
13:45 Guard Tower
14:14 Farm
16:26 Castle
16:44 Farm
19:59 Farm
21:21 Barracks
30:58 Lumber Mill
31:25 Altar of Kings
32:31 Farm
Chat log
(00:35 / Allies) Nahsir: ehhh
(00:37 / Allies) Nahsir: dh archer?
(00:39 / Allies) Nahsir: ye
(00:43 / Allies) GERALT_OF_RIVIA: wyvern
(00:44 / All) HERESBOBBY: hi
(00:50 / All) GERALT_OF_RIVIA: yes
(02:01 / All) HERESBOBBY: thanks honey
(02:55 / Allies) Mr.Hollywood: sry was taking a smoking breka
(02:57 / Allies) Mr.Hollywood: my bad!!!
(03:04 / Allies) TexasRanger: wb
(03:10 / Allies) Mr.Hollywood: sry
(03:15 / Allies) Mr.Hollywood: il go footies to knights
(04:05 / Allies) GERALT_OF_RIVIA: they gonna hit me
(04:37 / Allies) TexasRanger: accidentally made 2 lumber mills lol
(04:43 / Allies) Mr.Hollywood: lol
(04:55 / Allies) Nahsir: reds not fucking around
(05:14 / Allies) GERALT_OF_RIVIA: hlep
(05:15 / Allies) GERALT_OF_RIVIA: purple
(05:22 / Allies) TexasRanger: one sec brt
(05:30 / Allies) TexasRanger: forgot my shop
(05:32 / Allies) TexasRanger: need to heal
(05:38 / Allies) Mr.Hollywood: shit help
(05:51 / Allies) TexasRanger: omw
(06:34 / Allies) TexasRanger: we got this
(06:40 / Allies) Mr.Hollywood: thx guys
(07:08 / Allies) Nahsir: can i get that lumber back
(07:16 / Allies) Nahsir: just realized mine sucks
(07:22 / Allies) Nahsir: ty
(09:04 / Allies) GERALT_OF_RIVIA: blue let shit right side
(09:12 / Allies) Nahsir: ?
(09:18 / Allies) Nahsir: what are we shitting?
(09:26 / Allies) Nahsir: gotcha
(09:55 / Allies) Nahsir: build units plase
(10:30 / Allies) TexasRanger: gonna expo there
(11:18 / Allies) Mr.Hollywood: ?
(11:38 / Allies) Nahsir: coming
(11:42 / Allies) Mr.Hollywood: me tri
(11:44 / Allies) Nahsir: cyclone ready soon
(12:23 / Allies) Mr.Hollywood: c?
(12:25 / Allies) Mr.Hollywood: cc?
(12:26 / Allies) Nahsir: free kills
(12:27 / Allies) GERALT_OF_RIVIA: cc
(12:41 / Allies) Mr.Hollywood: ?
(13:06 / Allies) GERALT_OF_RIVIA: gold plz
(13:07 / Allies) GERALT_OF_RIVIA: gonna expo
(13:37 / Allies) Nahsir: build a burrow red
(15:09 / Allies) GERALT_OF_RIVIA: b
(15:10 / Allies) Nahsir: b
(15:41 / Allies) GERALT_OF_RIVIA: back
(15:42 / Allies) GERALT_OF_RIVIA: ddue
(16:11 / Allies) Nahsir: come together
(16:15 / Allies) Nahsir: right now
(16:16 / Allies) Nahsir: over em
(16:20 / Allies) Nahsir: do do dooo do do
(16:26 / Allies) Nahsir: sry
(16:28 / Allies) Nahsir: come
(17:18 / Allies) Nahsir: go
(17:24 / Allies) Nahsir: hit the tail end
(17:25 / Allies) GERALT_OF_RIVIA: no
(17:55 / Allies) Nahsir: go
(17:58 / Allies) Mr.Hollywood: get in there!
(18:02 / Allies) Mr.Hollywood: repair
(18:57 / All) GERALT_OF_RIVIA: seriously oj
(18:59 / All) GERALT_OF_RIVIA: dont hit me
(19:04 / All) Your_Groom: i will again
(19:14 / All) TexasRanger: you'll get raped if you do
(19:17 / All) TexasRanger: bad idea
(19:21 / All) Mr.Hollywood: pla
(19:22 / All) Your_Groom: dont care
(19:24 / Allies) Mr.Hollywood: plan?
(19:54 / Allies) Nahsir: no wisps
(20:00 / Allies) Nahsir: we were wayyyy to slow
(20:21 / Allies) GERALT_OF_RIVIA: TP
(21:18 / All) GERALT_OF_RIVIA: NOW BLUE SHOWS UP
(21:19 / All) GERALT_OF_RIVIA: lol
(21:30 / Allies) Mr.Hollywood: hit oj?
(21:32 / All) GERALT_OF_RIVIA: now u show up
(21:48 / Allies) Mr.Hollywood: fuck pink
(21:49 / Allies) Nahsir: NIGGA im fighting off 3 enemies
(21:53 / All) GERALT_OF_RIVIA: lawl
(21:59 / All) GERALT_OF_RIVIA: i just fought off 3 guys by myself
(22:00 / All) GERALT_OF_RIVIA: and he said he did
(22:01 / Allies) Nahsir: didnt see you helping my base
(22:16 / All) Dinan5: i thought you we only faking fightiong them off
(22:20 / All) GERALT_OF_RIVIA: wood me
(22:35 / Allies) Mr.Hollywood: thx
(22:35 / All) Dinan5: yeah, thats usually what you tell three guys
(22:42 / All) Dinan5: "wood me"
(22:50 / All) GERALT_OF_RIVIA: u guys are dumb . i fought off 3 players by myself and nobody gives me credit
(22:52 / All) GERALT_OF_RIVIA: only tealhelped me
(22:59 / Allies) Nahsir: lets hit
(23:00 / Allies) Nahsir: please
(23:05 / Allies) Mr.Hollywood: thx red
(23:08 / Allies) Mr.Hollywood: your a beast bro
(23:34 / Allies) Mr.Hollywood: k
(23:57 / All) GERALT_OF_RIVIA: bad boy green
(24:01 / All) GERALT_OF_RIVIA: trix are for kids
(24:11 / All) Dinan5: your mom is for me...
(24:24 / All) HERESBOBBY: his mom is a bad boy?
(24:25 / Allies) GERALT_OF_RIVIA: come purple
(24:29 / Allies) Mr.Hollywood: k
(24:35 / All) GERALT_OF_RIVIA: pruples footies will come in handy
(24:36 / Allies) Mr.Hollywood: noe
(25:31 / All) GERALT_OF_RIVIA: nice tp green
(25:32 / All) GERALT_OF_RIVIA: lol
(26:37 / All) GERALT_OF_RIVIA: i dont want excuses green and oj
(26:41 / All) GERALT_OF_RIVIA: me and teal have 15k gold combined
(26:51 / All) Your_Groom: dont even care
(26:51 / All) TexasRanger: you guys suck big time
(26:52 / Allies) GERALT_OF_RIVIA: its fine
(26:53 / Allies) Mr.Hollywood: nooo
(26:55 / Allies) Mr.Hollywood: help lol
(26:57 / All) Dinan5: therre is no excuse for you, your team carried you
(27:05 / Allies) Mr.Hollywood: hell yea they did
(27:07 / All) GERALT_OF_RIVIA: i beat 3 players and he said i got carried lawl
(27:09 / All) TexasRanger: green did you evne play this game?
(27:11 / All) Dinan5: "you guys"?
(27:12 / All) TexasRanger: could've forgot you were in it
(27:14 / All) TexasRanger: were you afk?
(27:18 / Allies) Mr.Hollywood: gold plz?
(27:26 / All) Mr.Hollywood: i was tokin
(27:27 / All) Dinan5: hardly you fuck...your team carried you
(27:30 / All) HERESBOBBY: lawl I thot I tped
(27:32 / All) Dinan5: you piece of shit
(27:36 / All) GERALT_OF_RIVIA: nobody ever gives me credit
(27:42 / All) GERALT_OF_RIVIA: me and teal beat u 2v3
(27:45 / All) Dinan5: because you deserve none you piece of shit
(27:48 / All) TexasRanger: lol
(27:51 / Allies) Mr.Hollywood: shit can i get 10 gold lol
(28:03 / Allies) TexasRanger: sorry dont have much to spare
(28:06 / Allies) Mr.Hollywood: ?
(28:07 / Allies) GERALT_OF_RIVIA: blue giv ehim gold
(28:22 / Allies) Nahsir: red you have 4k
(28:23 / All) Dinan5: worst fukkin player i have seen, plays a suicuidal oj and then says he's won the game
(28:30 / All) GERALT_OF_RIVIA: lol
(28:31 / All) Dinan5: lawl
(28:39 / All) GERALT_OF_RIVIA: i never get credit
(28:40 / All) GERALT_OF_RIVIA: ever
(28:49 / All) Dinan5: because you deserve none, you are stupid
(28:56 / All) gila17: tk his ass
(28:56 / All) TexasRanger: stfu dumbass noob green
(28:58 / All) GERALT_OF_RIVIA: lol u guys believe this hsit?
(28:59 / All) gila17: teach him a lesson
(29:17 / All) Dinan5: he kiled a suicidal oj and thern thinks he's good...bahahahaha
(29:32 / All) GERALT_OF_RIVIA: oj wasn't suiciding when i defeated u guys 1v3 w/ teals help
(29:36 / All) Dinan5: red you could not be any worse
(29:42 / All) HERESBOBBY: run bitch
(29:48 / All) Dinan5: he did, he sttacked a city with TOWERS, repeatedly
(30:07 / All) GERALT_OF_RIVIA: i swear to god 4v4 players are physcotic
(30:11 / Allies) Nahsir: red feed me a bit please
(30:12 / All) GERALT_OF_RIVIA: i play great and they still say i suck
(30:15 / All) Dinan5: and that makes you?
(30:16 / Allies) Nahsir: healing items
(30:22 / Allies) TexasRanger: blue give me ur unholy aura item
(30:23 / Allies) TexasRanger: or you die
(30:25 / Allies) Nahsir: who said you suck?
(30:25 / Allies) TexasRanger: this is a hold up
(30:29 / Allies) GERALT_OF_RIVIA: tell green, blue, that red was pro and beat u 1v3. and ill give u gold
(30:31 / All) Dinan5: i'd say...a douchebag
(30:35 / Allies) Nahsir: then you lose it
(30:36 / Allies) TexasRanger: hand it over or die
(30:39 / Allies) GERALT_OF_RIVIA: tell him blue
(30:40 / All) Dinan5: a dilirious douchebag
(30:41 / Allies) TexasRanger: THIS IS A HOLD UP
(30:54 / All) GERALT_OF_RIVIA: i did literally nothing but defended my base with no units vs 3 players
(30:59 / Allies) TexasRanger: HAND IT OVER
(31:09 / All) Nahsir: gg
(31:21 / All) Dinan5: i think you got it right when you said... "i literally did nothing..."
(31:23 / All) Nahsir: pink im gonna feed you p
(31:25 / All) Nahsir: xp
(31:27 / All) TexasRanger: I mugged blue
(31:27 / All) GERALT_OF_RIVIA: blue apparently
(31:27 / All) Nahsir: where are you
(31:28 / All) GERALT_OF_RIVIA: tked
(31:37 / All) TexasRanger: he could've just gave me his item like a good boy
(31:47 / All) TexasRanger: but he's the sort that rather not hand over his wallet, prefer to get shot
(31:58 / All) Nahsir: its a game
(32:05 / All) Nahsir: i got over it real fast
(32:12 / All) TexasRanger: I'm not so sure about that blue
(32:15 / All) Nahsir: considering pink is owning you fags
(32:21 / All) TexasRanger: lol
(32:42 / Allies) Mr.Hollywood: gold plz
(32:48 / All) Nahsir: kill me
(32:52 / All) HERESBOBBY: with pleasuare
(33:00 / All) Nahsir: kk
(33:01 / All) Nahsir: cya
(33:01 / All) TexasRanger: I have sweet heroes, level 7/6 AM/MK with great items
(33:43 / All) HERESBOBBY: *AFK*
(35:13 / All) GERALT_OF_RIVIA: im still standing green
(35:16 / All) GERALT_OF_RIVIA: we even tked blue too
(35:19 / All) GERALT_OF_RIVIA: i want an apology
(35:22 / All) Dinan5: and you still suck
(35:30 / All) TexasRanger: if he sucks where's your units green?
(35:33 / All) TexasRanger: red has a base, you don't
(35:33 / All) TexasRanger: HAH!
(35:38 / All) Dinan5: oj suicided and it was all down hill form there
(35:38 / All) GERALT_OF_RIVIA: u don't have the authority to trash talk when I have an army and you don't
(35:50 / All) Dinan5: i can say anything i want you fuck
(35:52 / All) GERALT_OF_RIVIA: looky here
(35:55 / All) GERALT_OF_RIVIA: 2 little peasants
(35:56 / All) GERALT_OF_RIVIA: hiding
(36:42 / All) gila17: hmmmmm
(36:49 / All) Dinan5: now pink is suiciding
(36:51 / Allies) Mr.Hollywood: noo
(36:53 / Allies) Mr.Hollywood: your gay
(36:53 / All) gila17: i'm starting to recognize you morons :)
(36:55 / All) Dinan5: so you didnt do shit
(36:55 / All) GERALT_OF_RIVIA: oh right, gila is the one
(37:00 / All) TexasRanger: lol
(37:03 / All) GERALT_OF_RIVIA: who made a 2 hour trip to get laid by his boyfriend
(37:13 / All) gila17: yeah, that was me
(37:15 / All) HERESBOBBY: you keep giving me commands, I AM A FREE MAN
(37:26 / All) gila17: it's a long story
(37:27 / All) Dinan5: see? an idiot, in a game full of idiots
(37:34 / Allies) Mr.Hollywood: can you just kill them now?
(37:37 / Allies) Mr.Hollywood: lets go
(37:38 / All) GERALT_OF_RIVIA: i can assure you, im no idiot
(37:40 / All) HERESBOBBY: I AM SPARTACUS
(37:43 / All) Dinan5: no, no, you are
(37:54 / All) HERESBOBBY: I have an IQ of 87, which is above idiot
(38:13 / All) GERALT_OF_RIVIA: im geralt of rivia biatch. i fuck ho's like a boss
(38:16 / Allies) Mr.Hollywood: red wtf
(38:26 / All) Dinan5: un huh...from your mom's basement?
(38:40 / All) Dinan5: any guy that says he gets laid a lot...doesnt get laid a lot
(38:58 / All) HERESBOBBY: READ: never
(38:59 / All) GERALT_OF_RIVIA: green, i can tell you are salty im the better player
(39:07 / All) TexasRanger: bad luck, green
(39:11 / All) Dinan5: nope, u suck, this is funny that you think you arte better
(39:20 / All) HERESBOBBY: they won fair and square
(39:22 / All) Dinan5: canyou even drive yet?
(39:28 / All) GERALT_OF_RIVIA: even pink says we are better lol
(39:28 / All) HERESBOBBY: stop being a sore loser
(39:31 / All) HERESBOBBY: they won fair and square
(39:45 / All) Dinan5: welp, id love to stay and chat, buit i have had all the idiocy i can handle for today
(39:46 / All) GERALT_OF_RIVIA: sometimes green, you just gotta man up and admit you were bested
(40:26 / All) Dinan5: so revel in your suckness, red, because you certainly DO suck
(40:27 / All) HERESBOBBY: I can't stand sore losers, if you get beat just say GOOD GAME man
(40:28 / All) GERALT_OF_RIVIA: hax
(40:30 / All) HERESBOBBY: they beat us
(40:31 / All) GERALT_OF_RIVIA: lawl
(40:32 / All) HERESBOBBY: lawl
(40:35 / All) TexasRanger: easy
(40:46 / All) TexasRanger: I love when they make it real simple
(40:50 / All) GERALT_OF_RIVIA: green lose i say
(40:51 / All) HERESBOBBY: yeah lawl